 Dungeon Crawl Stone Soup version 0.17.0-28-g6e173f8 (webtiles) character file.

612 GeneralIdiocy the Shield-Bearer (level 7, -1/52 HPs)
             Began as a Formicid Fighter on Nov 30, 2015.
             Slain by an orc priest
             ... wielding a +0 club
              (3 damage)
             ... on level 5 of the Dungeon.
             The game lasted 00:06:22 (4250 turns).

GeneralIdiocy the Shield-Bearer (Formicid Fighter)  Turns: 4250, Time: 00:06:24

Health: -1/52      AC: 11    Str: 22    XL:     7   Next: 72%
Magic:  7/7        EV:  7    Int:  8    God:
Gold:   267        SH: 10    Dex: 10    Spells: 0 memorised, 6 levels left

rFire  + . .     SeeInvis +     a - +0 war axe
rCold  + . .     Clarity  .     h - +0 chain mail
rNeg   + . .     SustAt   .     c - +0 shield
rPois  +         Gourm    .     (helmet unavailable)
rElec  +         Spirit   .     (no cloak)
rCorr  +         Warding  .     f - +0 pair of gloves
rMut   .         Stasis   +     (no boots)
MR     .....                    (no amulet)
Stlth  ..........               (no ring)
                                j - ring of positive energy

@: lethally poisoned (-1 -> -13), resistant, not resistant to hostile
enchantments, extremely unstealthy
A: permanent stasis, dig shafts and tunnels, four strong arms, antennae 3
a: Dig, Shaft Self


You were on level 5 of the Dungeon.
You were not hungry.

You visited 1 branch of the dungeon, and saw 5 of its levels.

You collected 267 gold pieces.

Inventory:

Hand Weapons
 a - a +0 war axe (weapon)
Armour
 c - a +0 shield (worn)
 f - a +0 pair of gloves (worn)
 h - a +0 chain mail (worn)
Jewellery
 j - a ring of positive energy (left hand)
Wands
 q - a wand of digging (15)
 s - a wand of confusion (22)
Scrolls
 b - 3 scrolls of identify {unknown}
 i - a scroll of recharging {unknown}
 m - a scroll of random uselessness {unknown}
 n - a scroll of remove curse {unknown}
 o - 3 scrolls of noise {unknown}
 u - a scroll of magic mapping {unknown}
 y - a scroll of teleportation {unknown}
Potions
 d - 2 potions of might
 k - a potion of poison
 t - a potion of curing {unknown}
 v - a potion of flight {unknown}
 w - a potion of cure mutation {unknown}
Books
 p - a book of Air

   Spells                             Type                      Level
   a - Shock                          Conjuration/Air              1
   b - Swiftness                      Charms/Air                   2
   c - Repel Missiles                 Charms/Air                   2
   d - Static Discharge               Conjuration/Air              3
   e - Lightning Bolt                 Conjuration/Air              5
Comestibles
 e - 6 bread rations
 g - a slice of pizza
 l - 2 meat rations
 x - 3 chunks of flesh


   Skills:
 - Level 3.2 Fighting
 + Level 4.4 Axes
 * Level 6.3 Armour
 * Level 6.5 Shields


You had 6 spell levels left.
You didn't know any spells.

Dungeon Overview and Level Annotations

Branches:
Dungeon (5/15)             Temple (0/1) D:4

Altars:
Makhleb
Vehumet

Shops:
D:4 (


Innate Abilities, Weirdness & Mutations

You are under a permanent stasis effect.
You can dig through walls and to a lower floor.
Your four strong arms can wield two-handed weapons with a shield.
You have a pair of large antennae on your head (SInv).


Message History

Something smites you!
* * * LOW HITPOINT WARNING * * *
Drink which item? (? for menu, Esc to quit)
Okay, then.
Drink which item? (? for menu, Esc to quit)
It was a potion of poison.
That liquid tasted very nasty...
You are lethally poisoned!
* * * LOW HITPOINT WARNING * * *
You feel sick.
The orc wizard hits you but does no damage.
You block the orc priest's attack.
Drink which item? (? for menu, Esc to quit)
It was a potion of resistance.
You feel protected.
* * * LOW HITPOINT WARNING * * *
You feel sick.
The orc wizard hits you but does no damage.
The orc priest hits you with a club.
You die...

#...........###
#...........#
###..............
#.................
#......)...........
#......####........
#......# #.##.....
#......# .# ...
#...@..# #..)oo.#
#......# #......#
#......# #.......
######... ..##


You could see an orc priest and an orc wizard.

Vanquished Creatures
  A phantom (D:4)
  A centaur (D:5)
  2 jellies
  Jessica (D:2)
  Terence (D:2)
  6 orc wizards
  2 worker ants (D:4)
  An adder (D:2)
  A shadow imp (D:5)
  An ooze (D:3)
  3 worms
  4 giant geckos
  7 orcs
  4 bats
  10 goblins
  12 hobgoblins
  8 kobolds
  A ball python (D:4)
  4 giant cockroaches
  A giant gecko skeleton (D:5)
  4 giant newts
  5 rats
80 creatures vanquished.

Notes
Turn   | Place    | Note
--------------------------------------------------------------
     0 | D:1      | GeneralIdiocy the Formicid Fighter began the quest for the Orb.
     0 | D:1      | Reached XP level 1. HP: 18/18 MP: 1/1
   140 | D:1      | Reached XP level 2. HP: 21/24 MP: 2/2
   403 | D:1      | Reached XP level 3. HP: 29/29 MP: 3/3
  1063 | D:1      | Noticed a jelly
  1105 | D:1      | Killed a jelly
  1105 | D:1      | Reached skill level 4 in Armour
  1105 | D:1      | Reached XP level 4. HP: 7/35 MP: 4/4
  1802 | D:2      | Noticed Terence
  1812 | D:2      | Killed Terence
  1812 | D:2      | Reached XP level 5. HP: 37/41 MP: 5/5
  1820 | D:2      | Noticed Jessica
  1824 | D:2      | Killed Jessica
  1864 | D:2      | Found a burning altar of Makhleb.
  1867 | D:2      | Found a radiant altar of Vehumet.
  1984 | D:2      | Reached skill level 5 in Shields
  2800 | D:3      | Reached XP level 6. HP: 33/47 MP: 6/6
  2801 | D:3      | Reached skill level 5 in Armour
  3414 | D:4      | Found Uzacw's Antique Weapon Emporium.
  3609 | D:4      | Found a staircase to the Ecumenical Temple.
  3695 | D:5      | Entered Level 5 of the Dungeon
  3697 | D:5      | Reached skill level 6 in Shields
  3697 | D:5      | Reached XP level 7. HP: 9/52 MP: 7/7
  4250 | D:5      | HP: 2/52 [poison (a potion of poison)]
  4250 | D:5      | Slain by an orc priest

Action                   |  1- 3 |  4- 6 |  7- 9 || total
-------------------------+-------+-------+-------++-------
Melee: War axe           |   104 |   162 |    55 ||   321
 Abil: Dig               |     2 |       |       ||     2
  Use: Potion            |       |       |     2 ||     2
  Eat: Chunk             |       |     8 |     1 ||     9
       Royal jelly       |       |       |     1 ||     1
